 Dungeon Crawl Stone Soup version 0.29-a0-352-g0917bc69df (webtiles) character file.

Game seed: 14058484835297898372

33 siradein the Ducker (level 3, 0/36 HPs)
             Began as a Troll Fighter on Apr 25, 2022.
             Slain by Sigmund
             ... wielding a +0 scythe
              (5 damage)
             ... on level 2 of the Dungeon.
             The game lasted 00:03:50 (1113 turns).

siradein the Ducker (Troll Fighter)                 Turns: 1113, Time: 00:03:50

Health: 0/36       AC:  4    Str: 26    XL:     3   Next: 12%
Magic:  2/2        EV:  8    Int:  4    God:
Gold:   72         SH:  0    Dex:  9    Spells: 2/2 levels left

rFire   + . .      SeeInvis .   a - +0 war axe
rCold   . . .      Faith    .   c - +0 kite shield
rNeg    . . .      Spirit   .   b - +0 robe
rPois   .          Reflect  .   (helmet restricted)
rElec   .          Harm     .   (no cloak)
rCorr   .          Rampage  .   (gloves unavailable)
Will    .....                   (boots unavailable)
Stlth   +.........              (no amulet)
HPRegen 0.92/turn               k - ring of protection from fire
MPRegen 0.08/turn               (no ring)

@: confused
A: large, unfitting armour, claws 3, regeneration 1, shaggy fur 1, tough skin 1
a: no special abilities


You were on level 2 of the Dungeon.
You visited 1 branch of the dungeon, and saw 2 of its levels.

You collected 72 gold pieces.

Inventory:

Hand Weapons
 a - a +0 war axe (weapon)
Armour
 b - a +0 robe (worn)
 c - a +0 kite shield (worn)
Jewellery
 k - a ring of protection from fire (left claw)
Scrolls
 e - 2 scrolls of identify {unknown}
 g - 2 scrolls of noise {unknown}
 h - a scroll of immolation {unknown}
 i - 3 scrolls of vulnerability {unknown}
Potions
 d - a potion of might
 f - a potion of haste {unknown}
 j - a potion of magic {unknown}


   Skills:
 + Level 2.7 Fighting
 + Level 2.0 Axes
 + Level 2.7 Dodging
 + Level 2.7 Shields


You had 2 spell levels left.
You didn't know any spells.
Your spell library was empty.

Dungeon Overview and Level Annotations

Branches:
Dungeon (2/15)

Altars:

Shops:
D:2 (

Annotations:
D:2 Sigmund


Innate Abilities, Weirdness & Mutations

You are too large for most types of armour.
You have claws for hands.
Your natural rate of healing is unusually fast.
You are covered in fur. (AC +1)
You have tough skin. (AC +1)


Message History

You closely miss Sigmund.
You feel less confused. You block Sigmund's attack.
You slash Sigmund!
Sigmund is heavily wounded.
You block Sigmund's attack.
You hit Sigmund.
Sigmund is heavily wounded.
Sigmund hits you with a +0 scythe.
You closely miss Sigmund.
Sigmund is heavily wounded.
You block Sigmund's attack.
You closely miss Sigmund.
Sigmund is heavily wounded.
Sigmund closely misses you.
You closely miss Sigmund.
Sigmund is heavily wounded.
You block Sigmund's attack.
You hit Sigmund.
Sigmund is severely wounded.
Sigmund says, "Don't worry, I'll kill you fast."
Sigmund casts a spell.
Sigmund flickers and vanishes!
Deactivating autopickup; reactivate with Ctrl-A.
You closely miss something. Something hits you.
You barely miss something. You block something's attack.
You miss something. Something hits you.
You miss something. Something hits you!
You barely miss something.
You hear some strange, mumbled words.
You are confused.
Something hits you!
You miss something. Something hits you.
You bump into the rock wall.
You bump into the rock wall.
Something hits you. Something hits you!
* * * LOW HITPOINT WARNING * * *
You bump into the rock wall.
Something hits you.
You die...

###.#.#.#.##........#
#####.#.#.#....######.#
........#.####.# #....#
.###.####.#..#.# ######
.# #...........##########
.# #....#.#..####.......#
.####.#.#.#.......#####.#
........#.#..##########.#
######.##.#.###.@.....#.#
..........#.#
#{#####.#.####
###########.# #.#
#.#....# ..# #.# #.###.##
# ###### #.# #.....# #.
..# #.# ####### #.# #.#
#.# ...#.# #.#
#####.#.######.#


There were no monsters in sight!

Vanquished Creatures
  2 bats (D:1)
  3 endoplasms (D:1)
  A giant cockroach (D:1)
  4 goblins
  2 hobgoblins
  5 jackals (D:1)
  4 kobolds
  A quokka (D:1)
  2 ball pythons
  2 frilled lizards (D:1)
  2 rats (D:1)
28 creatures vanquished.

Notes
Turn   | Place    | Note
-------+----------+-------------------------------------------
     0 | D:1      | siradein the Troll Fighter began the quest for the Orb.
     0 | D:1      | Reached XP level 1. HP: 22/22 MP: 0/0
   250 | D:1      | Reached XP level 2. HP: 18/29 MP: 1/1
   847 | D:2      | Reached XP level 3. HP: 36/36 MP: 2/2
  1029 | D:2      | Found Daxteng's Antique Weapon Shop.
  1049 | D:2      | Noticed Sigmund
  1113 | D:2      | Slain by Sigmund

Illustrated notes

Levels and vault maps discovered:
D:1:      nagdon_arrival_zigzag_paths, layout_basic, minmay_misc_feat_rugged
D:2:      kennysheep_big_flooded_room, layout_basic, serial_shops, shop,
          uniq_sigmund

Skill      XL: |  1  2 |
---------------+-------+-----
Axes           | 2 |  2.0
Fighting       | |  2.7
Dodging        | |  2.7
Shields        | |  2.7

Action                   || total
-------------------------++-------
Melee: War axe           ||   122
 Stab: Sleeping          ||     1
Armor: Robe              ||    41
Dodge: Dodged            ||    44
Block: Kite shield       ||    53

Table legend: (Time is in decaauts)
 A = Elapsed time spent in this place.
 B = Non-inter-level travel time spent in this place.
 C = Inter-level travel time spent in this place.
 D = Time resting spent in this place.
 E = Time spent auto-exploring this place.
 F = Levels seen in this place.
 G = Mean time per level.
                   A        B        C        D        E       F      G
               +--------+--------+--------+--------+--------+-----+--------+
         Total |   1178 |   1146 |     32 |      0 |    823 |   2 |  589.0 |
       Dungeon |   1178 |   1146 |     32 |      0 |    823 |   2 |  589.0 |
               +--------+--------+--------+--------+--------+-----+--------+

Top non-repeatable levels by time:
     D:1: 889 daAuts
     D:2: 289 daAuts
